 Dungeon Crawl Stone Soup version 0.31-a0-1068-g5939ac1fb6 (webtiles) character file.

Game seed: 17710387904633963643

2 Azuregosa the Sneak (level 1, -1/16 HPs)
             Began as an Octopode Delver on Nov 25, 2023.
             Was an Initiate of Dithmenos.
             Killed from afar by Ijyb (10 damage)
             ... with a puff of flame
             ... on level 4 of the Dungeon.
             The game lasted 00:01:36 (222 turns).

Azuregosa the Sneak (Octopode Delver)                Turns: 222, Time: 00:01:36

Health: -1/16      AC:  1    Str: 11    XL:     1   Next: 40%
Magic:  1/1        EV: 13    Int: 12    God:    Dithmenos [......]
Gold:   7          SH:  0    Dex: 13    Spells: 0/0 levels left

rFire   . . .        a - +0 hand axe
rCold   . . .        (no shield)
rNeg    . . .        (helmet restricted)
rPois   .            (no amulet)
rElec   .            (no ring)
rCorr   .            (no ring)
SInv    .            (no ring)
Will    .....        (no ring)
Stlth   ++++         (no ring)
HPRegen 0.22/turn    (no ring)
MPRegen 0.07/turn    (no ring)
                     (no ring)

%: no passive effects
@: no status effects
A: almost no armour, amphibious, 8 rings, camouflage 1, gelatinous body 1,
(nimble swimmer 1), tentacles
a: Renounce Religion


You were on level 4 of the Dungeon.
You worshipped Dithmenos.
Dithmenos was noncommittal.
You visited 2 branches of the dungeon, and saw 3 of its levels.

You collected 7 gold pieces.

Inventory:

Hand Weapons
 a - a +0 hand axe (weapon)
Wands
 f - a wand of digging (2)
Scrolls
 b - a scroll of fog
 c - 2 scrolls of identify {unknown}
 d - a scroll of fear
Potions
 e - a potion of haste


   Skills:
 - Level 3.0 Fighting
 - Level 2.0 Axes
 - Level 2.0 Dodging
 + Level 6.8 Stealth


You couldn't memorise any spells.
You didn't know any spells.
Your spell library was empty.

Dungeon Overview and Level Annotations

Branches:
Dungeon (5/15)             Temple (1/1) D:4

Altars:
Ashenzari
Cheibriados
Dithmenos
Fedhas
Gozag
Kikubaaqudgha
Nemelex Xobeh
Ru
Sif Muna
Wu Jian
Xom
Yredelemnul
Zin
The Shining One

Annotations:
D:4 3 runed translucent doors, Bizboz's ghost, novice DjAE; Ijyb


Innate Abilities, Weirdness & Mutations

You cannot wear most types of armour.
You are amphibious.
You can wear up to eight rings at the same time.
Your skin changes colour to match your surroundings (Stealth+).
Your rubbery body absorbs attacks. (AC +1, EV +1)
((You are camouflaged when in or above water. (Stealth+)))
You have tentacles for arms and can constrict up to eight enemies at once.


Message History

Here: Bizboz's ghost (dormant, fire blocked by a translucent stone wall)
The floor.
Unknown command.
Bizboz's ghost turns its malevolent gaze towards you.
The kobold shouts!
You hear an angry hiss.
The orc shouts!
You hear an angry hiss.
An adder comes into view.
Found a beast talisman and 10 gold pieces.
Found a staircase to the Ecumenical Temple.
Aiming: Dig
Press: ? - help, Shift-Dir - straight line A rock wall.
The rock shatters into small pieces.
Ijyb zaps a wand.
The puff of flame misses you.
There is a staircase to the Ecumenical Temple here.
You can't go up here!
You climb downwards.
Welcome to the Ecumenical Temple!
Found a staircase back to the Dungeon.
There is a staircase back to the Dungeon here.
You have 7 gold pieces.
You start waiting.
Done waiting.
Found a shadowy altar of Dithmenos.
Found a glowing silver altar of Zin.
Found a basalt altar of Yredelemnul.
There is a shadowy altar of Dithmenos here.
You curl up in front of the altar of Dithmenos.
Dithmenos welcomes you!
There is a staircase back to the Dungeon here.
You climb upwards.
Level annotation: 3 runed translucent doors, Bizboz's ghost, novice DjAE; Ijyb The adder hisses angrily.
There is a staircase to the Ecumenical Temple here.
Unknown command.
Ijyb zaps a wand.
The puff of flame hits you!
Ouch! That really hurt!
You hit Ijyb but do no damage. Your grab misses Ijyb.
Ijyb zaps a wand.
The puff of flame hits you!
Ouch! That really hurt!
You die...

..g...#. #. .. ....#.
###.#.. #..#K ....$..#
#..#. #......## #..#.
...#...## #..#.
#..#....## ##..## ##
#..#.....#####g....
...###8@8...............
.....8..gS........####..
.....8.>......###.# ##.
.....8........# #..# ##
.....#888.....# ##...
........#...%.# #...##
##########....# .....
#....# ...## #....#


You could see Ijyb and an adder.

Vanquished Creatures
  A dart slug (D:4)
1 creature vanquished.

Notes
Turn   | Place    | Note
-------+----------+-------------------------------------------
     0 | D:5      | Azuregosa the Octopode Delver began the quest for the Orb.
     0 | D:5      | Reached XP level 1. HP: 16/16 MP: 1/1
     7 | D:5      | Noticed a scorpion
    32 | D:4      | Found a runed translucent gate.
    32 | D:4      | Found a runed translucent gate.
    32 | D:4      | Found a runed translucent gate.
    32 | D:4      | Noticed Bizboz's ghost (novice DjAE)
    62 | D:4      | Noticed Ijyb
    71 | D:4      | Found a staircase to the Ecumenical Temple.
    83 | Temple   | Entered the Ecumenical Temple
   200 | Temple   | Became a worshipper of Dithmenos the Shadowed
   222 | D:4      | Killed from afar by Ijyb

Illustrated notes

Levels and vault maps discovered:
D:4:      layout_rooms, nicolae_overflow_hallway_of_the_gods,
          minmay_temple_entry_statues, gammafunk_ghost_split, uniq_grinder,
          uniq_ijyb
D:5:      layout_gridville, kennysheep_generic_room_11, uniq_duvessa
Temple:   jpeg_temple_clearing

Action                     || total
---------------------------++-------
  Melee: Hand axe          ||     2
         Constrict         ||     1
         Tentacles         ||     1
  Evoke: Wand              ||     1
    Use: Scroll            ||     1
 Armour: Skin              ||     2
  Dodge: Dodged            ||     2

Table legend: (Time is in decaauts)
 A = Elapsed time spent in this place.
 B = Non-inter-level travel time spent in this place.
 C = Inter-level travel time spent in this place.
 D = Time resting spent in this place.
 E = Time spent auto-exploring this place.
 F = Levels seen in this place.
 G = Mean time per level.
                   A        B        C        D        E       F      G
               +--------+--------+--------+--------+--------+-----+--------+
         Total |    222 |    214 |      8 |    100 |      2 |   3 |   74.0 |
       Dungeon |     87 |     87 |      0 |      0 |      2 |   2 |   43.5 |
        Temple |    134 |    126 |      8 |    100 |      0 |   1 |  134.0 |
               +--------+--------+--------+--------+--------+-----+--------+

Top non-repeatable levels by time:
  Temple: 134 daAuts
     D:4: 60 daAuts
     D:5: 27 daAuts
